 Dungeon Crawl Stone Soup version 0.26-a0-818-g75db068ed4 (webtiles) character file.

Game seed: 13276790970751760565

151 iamoutofideas the Ruffian (level 5, -2/48 HPs)
             Began as a Troll Hunter on Nov 14, 2020.
             Killed by divine providence
             ... invoked by an orc priest
              (10 damage)
             ... on level 3 of the Dungeon.
             The game lasted 00:02:41 (1726 turns).

iamoutofideas the Ruffian (Troll Hunter)            Turns: 1726, Time: 00:02:43

Health: -2/48      AC:  6    Str: 21    XL:     5   Next: 10%
Magic:  4/4        EV: 10    Int:  7    God:
Gold:   98         SH:  0    Dex: 10    Spells: 4/4 levels left

rFire    . . .     SeeInvis .     - Unarmed
rCold    . . .     Faith    .   (no shield)
rNeg     . . .     Spirit   .   b - +0 robe
rPois    +         Reflect  .   (helmet restricted)
rElec    .         Harm     .   (no cloak)
rCorr    .         Rampage  .   (gloves unavailable)
MR       .....                  (boots unavailable)
Stlth    +.........             (no amulet)
HPRegen  0.56/turn              h - ring of poison resistance
MPRegen  0.09/turn              (no ring)

@: confused, mighty, brilliant, lethally poisoned (-2 -> -3)
A: large, unfitting armour, claws 3, regeneration 1, shaggy fur 1, tough skin 3
a: no special abilities


You were on level 3 of the Dungeon.
You visited 1 branch of the dungeon, and saw 3 of its levels.

You collected 98 gold pieces.

Inventory:

Missiles
 c - 3 large rocks (quivered)
 d - 2 throwing nets
 f - 93 stones
Armour
 b - a +0 robe (worn)
Jewellery
 h - a ring of poison resistance (left claw)
Wands
 o - a wand of iceblast (4)
Scrolls
 g - a scroll of remove curse {unknown}
 i - 2 scrolls of teleportation {unknown}
 j - 3 scrolls of enchant armour {unknown}
 k - 4 scrolls of fog {unknown}
 l - 2 scrolls of identify {unknown}
 m - a scroll of immolation {unknown}
Potions
 a - 3 potions of might
 e - 2 potions of mutation {unknown}
 n - a potion of brilliance
 p - a potion of curing {unknown}


   Skills:
 - Level 1.6 Fighting
 - Level 4.1 Throwing
 - Level 1.6 Dodging
 - Level 0.3 Stealth
 + Level 4.2 Unarmed Combat


You had 4 spell levels left.
You didn't know any spells.
Your spell library contained the following spells:

 Spells                   Type           Power        Failure   Level
 Magic Dart               Conj           #...         43%         1
 Blink                    Tloc           N/A          56%         2
 Call Imp                 Summ           #.......     56%         2
 Slow                     Hex            #.......     56%         2
 Conjure Flame            Conj/Fire      #.......     80%         3
 Mephitic Cloud           Conj/Pois/Air  #.......     80%         3


Dungeon Overview and Level Annotations

Branches:
Dungeon (3/15)

Altars:


Innate Abilities, Weirdness & Mutations

You are too large for most types of armour.
You have claws for hands.
Your natural rate of healing is unusually fast.
You are covered in fur. (AC +1)
You have extremely tough skin. (AC +3)


Message History

Something hits you.
* * * LOW HITPOINT WARNING * * *
You closely miss something. The orc misses you.
The orc priest hits you but does no damage.
The kobold closely misses you. Something hits you.
* * * LOW HITPOINT WARNING * * *
Unknown command.
It was a potion of might.
You feel very mighty all of a sudden. The orc hits you but does no damage.
You are poisoned.
The orc priest closely misses you. The kobold barely misses you.
Something hits you but does no damage.
It was a potion of brilliance.
You feel clever all of a sudden.
You feel sick. The orc misses you. The kobold closely misses you.
Something hits you but does no damage.
The orc priest mumbles some strange prayers to Beogh against you.
Beogh smites you!
You die...

..##.#.....................####..
..##.#..##.######...######## ##.
#.##.......# #...# #.
#.####..#### #...# #. #.####..#
#...# #. #.......# #...# #.
######.## ##Ko.### ###. #####.#
#####o{bl..# #... #..>..#
#....@K#.#.# #... ##.#####
#....>o.....# #... ...#
..(.####.#.#.... #... #### ...
#......#.. #... .# #.#.####.#.
#### #...# .. ....# #.#


You could see an orc priest, 2 orcs, a bat, 2 kobolds and a frilled lizard.

Vanquished Creatures
  An orc priest (D:3)
  An orc wizard (D:3)
  2 adders
  2 oozes
  2 worms
  A dart slug (D:1)
  4 leopard geckos
  4 orcs (D:3)
  6 bats
  3 giant cockroaches
  3 goblins
  9 hobgoblins
  3 jackals (D:2)
  6 kobolds
  A quokka (D:2)
  2 frilled lizards
  5 rats
55 creatures vanquished.

Notes
Turn   | Place    | Note
-------+----------+-------------------------------------------
     0 | D:1      | iamoutofideas the Troll Hunter began the quest for the Orb.
     0 | D:1      | Reached XP level 1. HP: 19/19 MP: 0/0
   230 | D:1      | Reached XP level 2. HP: 25/27 MP: 1/1
   515 | D:1      | Reached skill level 1 in Unarmed Combat
   698 | D:2      | Reached XP level 3. HP: 30/33 MP: 2/2
  1278 | D:3      | Reached XP level 4. HP: 36/41 MP: 3/3
  1580 | D:3      | Reached XP level 5. HP: 46/48 MP: 4/4
  1726 | D:3      | Killed from afar by an orc priest

Illustrated notes

Levels and vault maps discovered:
D:1:      eino_arrival_druids_welcome, layout_basic
D:2:      layout_rooms, kennysheep_generic_room_14
D:3:      layout_loops_cross, serial_glass, glass_columns_a, glass_columns_a,
          glass_columns_b, glass_columns_a, glass_columns_b,
          chequers_serial_rivers_micro_c

Skill      XL: |  1  2  3  4 |
---------------+-------------+-----
Throwing       | 4 |  4.1
Unarmed Combat | 1 2 4 |  4.2
Fighting       | |  1.6
Dodging        | |  1.6
Stealth        | |  0.3

Action                   |  1- 3 |  4- 6 || total
-------------------------+-------+-------++-------
Melee: Unarmed           |   142 |    49 ||   191
Throw: Large rock        |     7 |       ||     7
  Use: Potion            |       |     2 ||     2
Armor: Robe              |    59 |    14 ||    73
Dodge: Dodged            |    80 |    34 ||   114

Table legend: (Time is in decaauts)
 A = Elapsed time spent in this place.
 B = Non-inter-level travel time spent in this place.
 C = Inter-level travel time spent in this place.
 D = Time resting spent in this place.
 E = Time spent auto-exploring this place.
 F = Levels seen in this place.
 G = Mean time per level.
                   A        B        C        D        E       F      G
               +--------+--------+--------+--------+--------+-----+--------+
         Total |   1726 |   1687 |     39 |     29 |   1247 |   3 |  575.3 |
       Dungeon |   1726 |   1687 |     39 |     29 |   1247 |   3 |  575.3 |
               +--------+--------+--------+--------+--------+-----+--------+

Top non-repeatable levels by time:
     D:1: 670 daAuts
     D:2: 589 daAuts
     D:3: 466 daAuts
